Map: Simulacrum LE

Players

Æreola - Winner!

  • Race: Protoss Protoss
  • Spawn Location: 5:00

sirPlayALot

  • Race: Terran Terran
  • League: Master
  • Spawn Location: 11:00

VOD

Have the link to the VOD?

Description

Time

  • Played on: Dec. 6, 2019, 2:17 a.m.
  • Length: 14:32
Show
View Real Time Build Order
Export as new Build Order

Æreola Protoss - Winner!

Build Orders: 1 Gate Expand, Dark Templar Rush 

Get SALT Encoding   

  12  0:00  Probe  
  13  0:12  Probe  
  14  0:18  Pylon  
  14  0:25  Probe (Chrono Boost)  
  15  0:37  Probe (Chrono Boost)  
  15  0:38  Gateway  
  16  0:45  Probe (Chrono Boost)  
  16  0:47  Assimilator  
  17  0:51  Probe  
  18  1:03  Probe  
  19  1:15  Probe  
  20  1:27  Nexus  
  20  1:39  Cybernetics Core  
  20  1:43  Probe  
  20  1:46  Assimilator  
  21  1:55  Pylon  
  21  2:04  Probe  
  22  2:15  Stalker (Chrono Boost)  
  22  2:17  Probe  
  22  2:18  Twilight Council  
  25  2:24  Warp Gate  
  25  2:29  Probe  
  26  2:31  Pylon  
  26  2:40  Probe (Chrono Boost)  
  26  2:42  Probe (Chrono Boost)  
  28  2:50  Probe (Chrono Boost)  
  28  2:51  Probe (Chrono Boost)  
  30  2:55  Probe x2 (Chrono Boost)  
  32  3:03  Dark Shrine  
  32  3:06  Shield Battery  
  32  3:16  Probe x2, Stalker (Chrono Boost)  
  36  3:30  Robotics Facility  
  36  3:33  Gateway  
  36  3:38  Probe x2  
  38  3:50  Probe x2  
  40  3:59  Gateway  
  40  4:00  Gateway  
  40  4:02  Pylon  
  40  4:07  Probe x2  
  42  4:14  Dark Templar  
  44  4:17  Observer (Chrono Boost)  
  44  4:19  Probe x2  
  47  4:28  Pylon  
  47  4:30  Observer (Chrono Boost)  
  47  4:31  Probe x2  
  48  4:34  Pylon  
  48  4:40  Dark Templar  
  50  4:54  Pylon  
  50  4:56  Assimilator  
  50  4:57  Assimilator  
  50  5:02  Pylon  
  50  5:09  Probe  
  50  5:12  Probe  
  52  5:14  Nexus  
  52  5:16  Blink (Chrono Boost)  
  52  5:17  Pylon  
  52  5:21  Probe  
  53  5:26  Shield Battery  
  53  5:28  Shield Battery  
  53  5:29  Gateway  
  53  5:30  Gateway  
  53  5:35  Probe, Forge  
  54  5:40  Probe  
  55  5:46  Stalker  
  55  5:47  Probe  
  55  5:48  Stalker  
  60  5:56  Probe  
  61  5:59  Probe  
  61  6:03  Observer  
  63  6:08  Probe  
  64  6:11  Probe, Gateway x2  
  64  6:17  Photon Cannon  
  65  6:21  Photon Cannon  
  65  6:23  Dark Templar  
  59  6:35  Probe  
  59  6:36  Stalker x2  
  59  6:39  Protoss Ground Armor Level 1 (Chrono Boost)  
  61  6:50  Pylon  
  61  6:51  Pylon  
  61  6:52  Stalker  
  63  6:58  Pylon  
  63  6:59  Stalker  
  64  7:08  Probe  
  64  7:10  Stalker x2  
  64  7:15  Stalker  
  63  7:31  Probe  
  62  7:37  Dark Templar  
  62  7:43  Probe  
  65  7:45  Stalker x5  
  75  7:56  Gateway, Probe  
  75  7:57  Gateway  
  74  7:59  Pylon  
  74  8:04  Dark Templar  
  76  8:08  Probe  
  76  8:12  Stalker x3  
  78  8:19  Dark Templar  
  79  8:23  Dark Templar  
  81  8:29  Assimilator  
  77  8:39  Shield Battery x2  
  77  8:40  Dark Templar  
  79  8:43  Stalker  
  79  8:46  Pylon  
  79  9:00  Sentry  
  81  9:03  Stalker  
  81  9:04  Stalker x2  
  81  9:05  Probe  
  86  9:20  Probe  
  86  9:34  Dark Templar  
  86  9:40  Stalker x2  
  86  9:42  Nexus  
  90  9:56  Assimilator  
  77  10:26  Pylon  
  77  10:28  Stargate  
  77  10:45  Pylon  
  77  10:53  Observer  
  77  11:02  Gateway  
  77  11:03  Probe  
  77  11:04  Gateway  
  77  11:07  Gateway  
  77  11:12  Pylon  
  74  11:27  Pylon  
  74  11:30  Assimilator  
  74  11:37  Pylon  
  74  11:41  Pylon  
  74  11:59  Probe  
  74  12:00  Dark Templar  
  77  12:02  Pylon  
  56  12:33  Probe  
  57  12:38  Cybernetics Core  
  57  12:43  Nexus  
  57  12:56  Nexus  
  57  13:26  Stalker x4  
  63  13:33  Gateway  
  63  13:40  Pylon  
  59  13:52  Dark Templar  
  59  13:54  Dark Templar  
  61  14:16  Gateway  
Show
View Real Time Build Order
Export as new Build Order

sirPlayALot Terran 

Build Orders:  

Get SALT Encoding   

  12  0:01  SCV  
  13  0:13  SCV  
  14  0:17  Supply Depot  
  14  0:25  SCV  
  15  0:31  Refinery  
  15  0:39  SCV  
  16  0:47  Barracks  
  16  0:51  SCV  
  17  0:58  Refinery  
  17  1:03  SCV  
  18  1:15  SCV  
  19  1:27  SCV  
  20  1:39  SCV  
  21  1:42  Marine  
  21  1:43  Factory  
  22  1:52  Orbital Command  
  22  2:00  Supply Depot, Marine  
  23  2:18  Barracks Tech Lab  
  23  2:22  SCV  
  24  2:23  Supply Depot  
  24  2:27  Factory Tech Lab  
  24  2:34  SCV  
  24  2:37  Stimpack, Marine  
  26  2:46  Supply Depot  
  26  2:47  Siege Tank  
  26  2:51  SCV  
  30  2:54  Marine  
  31  3:03  SCV  
  31  3:04  Engineering Bay  
  32  3:13  Barracks  
  32  3:15  SCV, Marine  
  34  3:28  Barracks  
  34  3:32  Marine  
  34  3:33  Terran Infantry Weapons Level 1  
  35  3:43  Starport  
  35  3:49  Siege Tank  
  35  3:50  Marine  
  39  4:00  Missile Turret  
  39  4:01  Barracks Reactor  
  39  4:08  Marine  
  40  4:16  Barracks Reactor  
  40  4:17  Combat Shield  
  40  4:19  Medivac  
  42  4:26  Marine  
  43  4:31  Supply Depot  
  43  4:39  Marine x2  
  43  4:44  Marine  
  46  4:53  Siege Tank  
  46  4:55  Medivac  
  46  4:56  Marine x2  
  46  4:57  Marine x2  
  55  5:09  Marine  
  55  5:14  Marine  
  54  5:18  Supply Depot  
  55  5:39  Medivac, Marine x5  
  55  5:40  Supply Depot  
  62  5:57  Marine  
  62  6:01  Marine x4  
  62  6:03  Supply Depot  
  67  6:15  Starport Tech Lab, Marine  
  68  6:19  Marine x3  
  68  6:24  Marine  
  68  6:25  Supply Depot  
  68  6:33  Marine  
  68  6:37  Marine x3  
  72  6:41  Siege Tank  
  72  6:42  Marine  
  72  6:45  Raven  
  77  6:50  Marine  
  77  6:51  Terran Infantry Armor Level 1  
  77  6:55  Marine x3  
  77  7:01  Marine  
  80  7:08  Marine  
  80  7:12  Marine x3  
  84  7:17  Supply Depot  
  84  7:18  Marine  
  82  7:29  Liberator  
  75  7:37  Marine x3  
  78  7:46  Marine  
  78  7:47  Marine  
  83  7:53  Siege Tank  
  83  7:55  Marine  
  83  7:57  Supply Depot  
  87  7:59  Marine  
  88  8:09  Marine x2  
  88  8:12  Liberator  
  87  8:23  Missile Turret  
  88  8:39  Siege Tank  
  90  8:43  Marine  
  91  9:05  Supply Depot  
  91  9:10  Armory  
  55  10:42  Supply Depot  
  52  12:09  Orbital Command  
Tags
 
Add a new tag
Caveats
  • Supply blocks, unpowered buildings, or Contaminate may cause inaccurate times.
  • Supply counts are checked every 10 seconds.